 Dungeon Crawl Stone Soup version 0.26.0-20-g3ca415f5b8 (webtiles) character file.

Game seed: 14060908568224159140

82 kaeus the Covered (level 4, -8/41 HPs)
             Began as a Minotaur Fighter on Jan 25, 2021.
             Mangled by Sigmund
             ... wielding a +0 scythe
              (10 damage)
             ... on level 2 of the Dungeon.
             The game lasted 00:01:52 (1414 turns).

kaeus the Covered (Minotaur Fighter)                Turns: 1414, Time: 00:01:53

Health: -8/41      AC:  7    Str: 22    XL:     4   Next: 21%
Magic:  3/3        EV:  7    Int: 11    God:
Gold:   47         SH: 10    Dex:  9    Spells: 3/3 levels left

rFire    . . .     SeeInvis .   a - +0 war axe
rCold    . . .     Faith    .   c - +1 kite shield
rNeg     . . .     Spirit   .   b - +0 scale mail
rPois    .         Reflect  .   (helmet restricted)
rElec    .         Harm     .   l - scarf {shadows}
rCorr    .         Rampage  .   (no gloves)
Will     .....                  (no boots)
Stlth    ..........             j - amulet of magic regeneration
HPRegen  0.13/turn              n - +6 ring of intelligence
MPRegen  0.33/turn              (no ring)

@: no status effects
A: retaliatory headbutt, horns 2
a: no special abilities


You were on level 2 of the Dungeon.
You visited 1 branch of the dungeon, and saw 2 of its levels.

You collected 47 gold pieces.

Inventory:

Hand Weapons
 a - a +0 war axe (weapon)
Armour
 b - a +0 scale mail (worn)
 c - a +1 kite shield (worn)
 l - a scarf of shadows (worn)
Jewellery
 j - an amulet of magic regeneration (around neck)
 n - a +6 ring of intelligence (left hand)
Wands
 m - a wand of flame (13)
Scrolls
 e - 5 scrolls of identify
 k - a scroll of fear {unknown}
 q - a scroll of immolation
Potions
 d - a potion of might
 f - a potion of attraction {unknown}
 g - a potion of mutation {unknown}


   Skills:
 + Level 4.3 Fighting
 + Level 3.4 Axes
 + Level 4.4 Armour
 + Level 4.3 Shields


You had 3 spell levels left.
You didn't know any spells.
Your spell library was empty.

Dungeon Overview and Level Annotations

Branches:
Dungeon (2/15)

Altars:
Fedhas

Annotations:
D:2 Sigmund


Innate Abilities, Weirdness & Mutations

You reflexively headbutt those who attack you in melee.
You have a pair of horns on your head.


Message History

Something hits you.
* * * LOW HITPOINT WARNING * * *
You see here a scroll of identify.
You take 6 damage, and have 5/33 hp.
You closely miss Terence. You headbutt Terence!
Terence is almost dead.
Terence hits you with a +0 hand axe.
* * * LOW HITPOINT WARNING * * *
Something hits you.
* * * LOW HITPOINT WARNING * * *
You take 3 damage, and have 2/33 hp.
You slash Terence!
You kill Terence!
You feel less confused. Something hits you but does no damage.
You have reached level 4!
You feel stronger. MP restored: 3 Something hits you!
You die...

#####..≈≈≈≈P♣P≈≈≈ ........##
.......≈≈≈≈≈≈≈≈≈≈ ..###.)..#
........≈≈≈≈≈≈≈≈≈ . .....#>.
.........≈≈≈≈≈≈≈. ###......
.......#...≈≈≈... # ........
###.#####......###...#..#....
#. #...##....... ...##... #
##.#?###...... .##
#.....@?....# ..
....#........## #.#
.####.##..##.# # # ... #...)
.. #### #..### ## ..## ..#
...


There were no monsters in sight!

Vanquished Creatures
  Terence (D:2)
  An adder (D:2)
  3 dart slugs
  2 leopard geckos (D:1)
  A giant cockroach (D:2)
  6 hobgoblins
  4 jackals (D:1)
  A quokka (D:2)
  4 bats
  4 frilled lizards
  5 goblins
  3 kobolds
  6 rats
41 creatures vanquished.

Notes
Turn   | Place    | Note
-------+----------+-------------------------------------------
     0 | D:1      | kaeus the Minotaur Fighter began the quest for the Orb.
     0 | D:1      | Reached XP level 1. HP: 19/19 MP: 0/0
   145 | D:1      | Reached XP level 2. HP: 27/27 MP: 1/1
  1057 | D:2      | Reached XP level 3. HP: 33/33 MP: 2/2
  1393 | D:2      | Found a blossoming altar of Fedhas.
  1398 | D:2      | Noticed Terence
  1400 | D:2      | Noticed Sigmund
  1413 | D:2      | Killed Terence
  1414 | D:2      | Reached XP level 4. HP: 2/41 MP: 3/3
  1414 | D:2      | Mangled by Sigmund

Illustrated notes

Levels and vault maps discovered:
D:1:      minmay_arrival_stone_box, layout_basic
D:2:      layout_rooms, fedhas_ov_isle_minmay, minmay_unequal, uniq_sigmund,
          uniq_terence

Skill      XL: |  1  2 |
---------------+-------+-----
Fighting       | 4 |  4.3
Armour         | 4 |  4.4
Shields        | 4 |  4.3
Axes           | 3 |  3.4

Action                   |  1- 3 |  4- 6 || total
-------------------------+-------+-------++-------
Melee: War axe           |   128 |       ||   128
       Headbutt          |    17 |       ||    17
  Use: Scroll            |     4 |       ||     4
Armor: Scale mail        |    56 |       ||    56
Dodge: Dodged            |    39 |       ||    39
Block: Kite shield       |    73 |       ||    73
